Map: 이페머론 - 래더

Players

Zest

  • Race: Protoss Protoss
  • League: Master
  • Spawn Location: 5:00

llllllllllll (Stats) - Winner!

  • Race: Protoss Protoss
  • League: Master
  • Spawn Location: 11:00

Event: HomeStory Cup XX

VOD

Have the link to the VOD?

Description

Time

  • Played on: Nov. 22, 2019, 4:56 a.m.
  • Length: 8:26

All games in this series

Show
View Real Time Build Order
Export as new Build Order

Zest Protoss 

Build Orders:  

Get SALT Encoding   

  12  0:00  Probe  
  13  0:13  Probe  
  14  0:17  Pylon  
  14  0:24  Probe  
  15  0:32  Probe  
  15  0:38  Gateway  
  15  0:40  Probe  
  16  0:47  Assimilator  
  17  0:51  Probe  
  17  0:55  Assimilator  
  18  1:00  Probe  
  19  1:08  Probe, Gateway  
  19  1:17  Probe  
  20  1:25  Cybernetics Core  
  21  1:29  Probe  
  22  1:35  Pylon  
  22  1:42  Probe  
  23  1:54  Probe  
  24  2:01  Stalker x2  
  24  2:02  Warp Gate  
  28  2:09  Pylon  
  28  2:31  Stalker x2  
  32  2:44  Robotics Facility  
  32  2:50  Gateway  
  32  3:01  Stalker x2  
  36  3:09  Pylon  
  36  3:16  Shield Battery  
  38  3:44  Immortal  
  38  3:50  Adept x2  
  38  3:51  Sentry  
  38  3:53  Pylon  
  46  4:05  Pylon  
  46  4:14  Immortal  
  50  4:26  Sentry  
  51  4:50  Warp Prism  
  51  4:59  Robotics Bay  
  53  5:05  Pylon  
  53  5:08  Gateway  
  52  5:19  Observer  
  52  5:23  Adept x2  
  57  5:38  Pylon  
  57  6:06  Colossus  
  53  6:20  Gateway  
  53  6:23  Sentry x2  
  53  6:25  Adept  
  59  6:32  Pylon  
  59  6:41  Observer  
  56  7:00  Warp Prism  
  54  7:03  Adept x3  
  60  7:28  Zealot x4  
  60  7:53  Adept x3  
  60  7:54  Adept  
Show
View Real Time Build Order
Export as new Build Order

llllllllllll Protoss - Winner!

Build Orders:  

Get SALT Encoding   

  12  0:00  Probe  
  13  0:13  Probe  
  14  0:17  Pylon  
  14  0:24  Probe  
  15  0:32  Probe  
  15  0:36  Gateway  
  15  0:40  Probe  
  16  0:46  Assimilator  
  17  0:51  Probe  
  17  0:55  Assimilator  
  18  1:00  Probe  
  19  1:08  Probe, Gateway  
  19  1:17  Probe  
  21  1:26  Cybernetics Core  
  21  1:29  Probe  
  22  1:36  Pylon  
  22  1:41  Probe  
  24  1:54  Probe  
  24  2:02  Warp Gate, Robotics Facility  
  24  2:04  Stalker  
  26  2:10  Stalker  
  28  2:18  Pylon  
  28  2:35  Stalker  
  30  2:42  Stalker, Immortal  
  35  2:58  Shield Battery  
  35  3:06  Pylon  
  35  3:11  Sentry  
  37  3:15  Warp Prism  
  39  3:50  Adept x2  
  39  3:52  Observer  
  44  3:59  Pylon  
  44  4:16  Stargate  
  43  4:24  Stalker x2  
  43  4:29  Immortal  
  47  4:38  Pylon  
  51  4:48  Adept  
  51  4:49  Adept  
  55  4:57  Pylon  
  55  5:03  Observer  
  55  5:05  Phoenix  
  57  5:30  Phoenix  
  59  5:48  Nexus  
  55  6:17  Pylon  
  55  6:21  Pylon  
  55  6:33  Phoenix  
  55  6:35  Probe  
  55  6:38  Shield Battery  
  57  6:48  Void Ray  
  62  7:01  Probe x2  
  62  7:02  Adept x2  
  69  7:18  Shield Battery  
  69  7:19  Shield Battery  
  69  7:24  Stalker x2  
  71  7:40  Void Ray  
  71  7:46  Probe x2  
  77  7:54  Adept x2  
  80  8:10  Probe x2  
  82  8:19  Adept x2  
Tags
 
Add a new tag
Caveats
  • Supply blocks, unpowered buildings, or Contaminate may cause inaccurate times.
  • Supply counts are checked every 10 seconds.